 Dungeon Crawl Stone Soup version 0.21-a0-91-ga5031da (webtiles) character file.

760 Ordine the Slasher (level 7, -3/50 HPs)
             Began as an Octopode Fighter on June 27, 2017.
             Slain by a worker ant (7 damage)
             ... on level 5 of the Dungeon on June 28, 2017.
             The game lasted 00:07:38 (3610 turns).

Ordine the Slasher (Octopode Fighter)               Turns: 3610, Time: 00:07:39

Health: -3/50      AC:  1    Str: 16    XL:     7   Next: 80%
Magic:  0/7        EV: 14    Int: 10    God:
Gold:   241        SH:  5    Dex: 13    Spells: 6/6 levels left

rFire    + . .     SeeInvis .   a - +0 long sword
rCold    + . .     Gourm    .   k - +0 buckler
rNeg     . . .     Faith    .   (helmet restricted)
rPois    +         Spirit   +   j - amulet of guardian spirit
rElec    +         Reflect  .   A - ring of protection from magic
rCorr    +         Harm     .   (no ring)
MR       +....                  (no ring)
Stlth    ++........             (no ring)
HPRegen  0.16/turn              (no ring)
MPRegen  0.10/turn              (no ring)
                                (no ring)
                                (no ring)

@: lethally poisoned (-3 -> -8), resistant
A: almost no armour, stealthy swim, amphibious, 8 rings, constrict 8, camouflage
1, gelatinous body 1
a: no special abilities


You were on level 5 of the Dungeon.
You were not hungry.

You visited 1 branch of the dungeon, and saw 5 of its levels.

You collected 241 gold pieces.

Inventory:

Hand Weapons
 a - a +0 long sword (weapon)
Armour
 b - a +1 shield
 k - a +0 buckler (worn)
Magical Staves
 i - an uncursed staff of death
Jewellery
 j - an amulet of guardian spirit (around mantle)
 n - an uncursed amulet of the gourmand
 A - a ring of protection from magic (left tentacle)
Wands
 w - a wand of digging (9/24)
Scrolls
 g - 2 scrolls of fear
 l - 3 scrolls of remove curse
 p - 2 scrolls of enchant armour
 t - 2 scrolls of magic mapping
 y - a scroll of identify
 z - a scroll of blinking {unknown}
Potions
 c - 3 potions of might
 e - 2 potions of brilliance
 f - a potion of resistance
 m - a potion of agility {unknown}
 o - a potion of lignification {unknown}
 q - a potion of haste {unknown}
 r - 4 potions of curing {unknown}
 s - a potion of heal wounds {unknown}
 u - a potion of magic {unknown}
Books
 v - a book of Geomancy

   Spells                             Type                      Level
   a - Sandblast                      Earth                        1
   b - Passwall                       Transmutation/Earth          2
   c - Stone Arrow                    Conjuration/Earth            3
   d - Petrify                        Transmutation/Earth          4
   e - Lee's Rapid Deconstruction     Earth                        5
Comestibles
 d - 4 bread rations
 h - 3 meat rations
 x - 6 chunks of flesh


   Skills:
 + Level 5.2 Fighting
 * Level 6.2 Long Blades
 - Level 3.0 Dodging
 + Level 4.9 Shields


You had 6 spell levels left.
You didn't know any spells.

Dungeon Overview and Level Annotations

Branches:
Dungeon (5/15)
 Temple: D:4-7

Altars:
Elyvilon
Makhleb
Nemelex Xobeh
Ru
Vehumet
Xom
Yredelemnul
The Shining One


Innate Abilities, Weirdness & Mutations

You cannot wear most types of armour.
You are very stealthy in the water. (Stealth+)
You are amphibious.
You can wear up to eight rings at the same time.
You can use your tentacles to constrict eight enemies at once.
Your skin changes colour to match your surroundings (Stealth+).
Your rubbery body absorbs attacks. (AC +1, EV +1)


Message History

The centaur shoots an arrow.
The arrow hits you!
The centaur shoots an arrow.
You block the arrow. The worker ant bites you.
You are poisoned.
The worker ant poisons you!
There is an open door here.
You see here an arrow.
You closely miss the worker ant. You grab the worker ant.
You squeeze the worker ant.
The worker ant is moderately wounded.
You constrict the worker ant.
You feel sick.
The centaur shoots an arrow.
The arrow hits you! The worker ant bites you!
The centaur shoots an arrow.
The arrow hits you!
* * * LOW HITPOINT WARNING * * *
You release your grip on the worker ant.
You feel sick. The worker ant bites you!
* * * LOW HITPOINT WARNING * * *
It was a potion of resistance.
You feel protected. The worker ant bites you!
You die...

..# ###........###...##
#.#
#......#...##.....##
#.#
####.....##...#......(#
#.#
#.#......##...'.......#
..#
#......####...#......(#
..####.######
#...##....?##
.......###...#
#...###..)##
.....).##..c..##...#
#####
.......#..Z....#@..#
.......#....Z..a.(.#
.......#.......#...#
.......##.....##...#
.......###...# #.....
..###### #### #######
..# ..# ..#


You could see a worker ant and an adder skeleton.

Vanquished Creatures
  Sigmund (D:3)
  An ogre (D:3)
  A hound (D:5)
  4 orc wizards
  A bullfrog skeleton (D:4)
  A centaur skeleton (D:4)
  Natasha (thrice) (D:4)
  3 worker ants
  7 adders
  2 oozes (D:3)
  2 adder skeletons
  A worm (D:3)
  6 leopard geckos
  12 orcs
  A ball python (D:1)
  5 giant cockroaches
  6 goblins
  6 hobgoblins
  13 jackals
  2 quokkas
  3 bats
  4 frilled lizards (D:3)
  7 kobolds
  4 rats
96 creatures vanquished.

Vanquished Creatures (others)
  A plant (D:3)
1 creature vanquished.

Grand Total: 97 creatures vanquished

Notes
Turn   | Place    | Note
-------+----------+-------------------------------------------
     0 | D:1      | Ordine the Octopode Fighter began the quest for the Orb.
     0 | D:1      | Reached XP level 1. HP: 16/16 MP: 1/1
   249 | D:1      | Reached XP level 2. HP: 21/21 MP: 2/2
   606 | D:2      | Found a sparkling altar of Nemelex Xobeh.
   998 | D:2      | Reached XP level 3. HP: 16/26 MP: 3/3
  1368 | D:2      | Reached skill level 3 in Long Blades
  1483 | D:2      | Reached XP level 4. HP: 31/31 MP: 4/4
  1909 | D:3      | Noticed Sigmund
  1914 | D:3      | Killed Sigmund
  1914 | D:3      | Reached skill level 4 in Long Blades
  1914 | D:3      | Reached XP level 5. HP: 37/37 MP: 5/5
  1914 | D:3      | Reached XP level 6. HP: 43/43 MP: 6/6
  2089 | D:3      | Found a sacrificial altar of Ru.
  2237 | D:3      | Reached skill level 5 in Long Blades
  2659 | D:3      | Reached XP level 7. HP: 42/49 MP: 4/7
  2828 | D:4      | Found a shimmering altar of Xom.
  2838 | D:4      | Noticed Natasha
  2842 | D:4      | Killed Natasha
  2915 | D:4      | Noticed Natasha
  2966 | D:4      | Found a white marble altar of Elyvilon.
  2970 | D:4      | Found a basalt altar of Yredelemnul.
  2970 | D:4      | Found a glowing golden altar of the Shining One.
  2970 | D:4      | Found a radiant altar of Vehumet.
  3045 | D:4      | Reached skill level 5 in Fighting
  3098 | D:4      | Killed Natasha
  3294 | D:4      | Noticed Natasha
  3299 | D:4      | Killed Natasha
  3299 | D:4      | Reached skill level 6 in Long Blades
  3312 | D:5      | Entered Level 5 of the Dungeon
  3314 | D:5      | Found a basalt altar of Yredelemnul.
  3381 | D:5      | Found a glowing golden altar of the Shining One.
  3414 | D:5      | Found a burning altar of Makhleb.
  3610 | D:5      | Slain by a worker ant

Vault maps used:
D:1:      zaba_arrival_water, minmay_octomino_j4
D:2:      lemuel_coloured_pillars_altar, first_bread, nrook_mini_vaults,
          minmay_unequal
D:3:      nicolae_ru_the_path_less_chosen, uniq_sigmund
D:4:      old_standard_altar, grunt_temple_overflow_open,
          minmay_strange_pillars, uniq_natasha
D:5:      minmay_opposing_rooms, kennysheep_mini, basic_altar, tso_metal_star,
          uniq_blork_the_orc

Skill      XL: |  1  2  3  4  5  6  7 |
---------------+----------------------+-----
Long Blades    | 3 4 5 6 |  6.2
Fighting       | 4 5 |  5.2
Shields        | 4 |  4.9
Dodging        | |  3.0

Action                   |  1- 3 |  4- 6 |  7- 9 || total
-------------------------+-------+-------+-------++-------
Melee: Long sword        |    41 |    69 |    57 ||   167
       Constrict         |    13 |    30 |    21 ||    64
       Tentacles         |     8 |    27 |    23 ||    58
  Use: Scroll            |     6 |     5 |     1 ||    12
       Potion            |       |     1 |     1 ||     2
 Stab: Sleeping          |     4 |     3 |     3 ||    10
       Distracted        |       |     1 |       ||     1
  Eat: Chunk             |     2 |     3 |     4 ||     9
Armor: Skin              |     1 |     1 |     2 ||     4
Dodge: Dodged            |    19 |    45 |    28 ||    92
Block: Shield            |     3 |       |       ||     3
       Buckler           |     5 |    10 |    13 ||    28
       Rpst.: Long sword |     5 |    17 |     8 ||    30
